 Dungeon Crawl Stone Soup version 0.20.1-1-g8b1a95d (webtiles) character file.

2657 dvd the Fighter (level 9, -7/83 HPs)
             Began as a Minotaur Wanderer on Aug 7, 2017.
             Was a Follower of Makhleb.
             Killed from afar by an electric eel (13 damage)
             ... with a bolt of electricity
             ... on level 8 of the Dungeon.
             The game lasted 00:19:22 (6541 turns).

dvd the Fighter (Minotaur Wanderer)                 Turns: 6541, Time: 00:19:23

Health: -7/83      AC: 11    Str: 14 (15) XL:     9   Next: 36%
Magic:  8/8        EV: 12    Int: 10 (12) God:    Makhleb [*.....]
Gold:   363        SH: 11    Dex: 10 (12) Spells: 6/8 levels left

rFire    . . .     SeeInvis .   B - +0 long sword
rCold    . . .     Gourm    .   l - +0 large shield
rNeg     . . .     Faith    .   b - +0 ring mail
rPois    .         Spirit   .   (helmet restricted)
rElec    .         Reflect  .   G - +0 cloak
rCorr    +         Harm     .   D - +0 pair of gloves
MR       .....     Clarity  +   (no boots)
Stlth    +.........             (no amulet)
Regen    0.3/turn               q - ring of resist corrosion
MPRegen  0.2/turn               x - +5 ring of evasion

@: no status effects
A: retaliatory headbutt, horns 2, iridescent scales 1, clarity, evolution 1
a: Renounce Religion


You were on level 8 of the Dungeon.
You worshipped Makhleb.
Makhleb was aware of your devotion.
You were not hungry.

You visited 1 branch of the dungeon, and saw 8 of its levels.

You collected 363 gold pieces.

Inventory:

Hand Weapons
 a - a +3 short sword
 B - a +0 long sword (weapon)
 J - a +0 dagger of protection
Missiles
 w - 130 stones (quivered)
Armour
 b - a +0 ring mail (worn)
 l - a +0 large shield (worn)
 o - a +0 plate armour
 r - a +0 chain mail
 y - a +0 scale mail
 z - the +0 chain mail of Exclusion {*Slow rN++ Dex+2 Stlth-}
   (You found it on level 6 of the Dungeon)

   It affects your dexterity (+2).
   It greatly protects you from negative energy.
   It may slow you when you take damage.
   It makes you less stealthy.
 D - a +0 pair of gloves (worn)
 G - a +0 cloak (worn)
Jewellery
 q - a ring of resist corrosion (left hand)
 x - a +5 ring of evasion (right hand)
Wands
 I - a wand of random effects (41/48)
Scrolls
 e - a scroll of fog
 g - 3 scrolls of remove curse
 j - 3 scrolls of teleportation
 k - 7 scrolls of identify
 m - 2 scrolls of blinking
 u - 4 scrolls of fear
 v - 3 scrolls of immolation
 F - a scroll of magic mapping
Potions
 c - 2 potions of curing
 n - 2 potions of resistance
 p - 2 potions of flight
 s - a potion of might
 t - 2 potions of haste
 A - 2 potions of heal wounds
Books
 f - a book of Minor Magic

   Spells                             Type                      Level
   a - Magic Dart                     Conjuration                  1
   b - Blink                          Translocation                2
   c - Call Imp                       Summoning                    2
   d - Slow                           Hexes                        2
   e - Conjure Flame                  Conjuration/Fire             3
   f - Mephitic Cloud                 Conjuration/Poison/Air       3
Comestibles
 d - 8 bread rations
 h - 5 meat rations
 E - 3 royal jellies
 H - 2 fruits


   Skills:
 + Level 9.1 Fighting
 + Level 7.9 Short Blades
 + Level 5.0 Throwing
 + Level 7.9 Armour
 + Level 3.1 Dodging
 + Level 1.5 Stealth
 + Level 1.2 Shields


You had 6 spell levels left.
You knew the following spells:

 Your Spells              Type           Power        Failure   Level  Hunger
a - Blink                 Tloc           N/A          100%        2    ###....


Dungeon Overview and Level Annotations

Branches:
Dungeon (8/15)             Temple (0/1) D:7            Lair (0/6) D:8

Altars:
Makhleb

Shops:
D:4 %   D:5 *


Innate Abilities, Weirdness & Mutations

You reflexively headbutt those who attack you in melee.
You have a pair of horns on your head.
You are partially covered in iridescent scales. (AC +2)
You possess an exceptional clarity of mind.
You evolve.


Message History

The electric eel shoots out a bolt of lightning at you!
The bolt of electricity hits you!
* * * LOW HITPOINT WARNING * * *
An electric eel comes into view.
The electric eel shoots out a bolt of lightning at you!
The bolt of electricity hits you!
* * * LOW HITPOINT WARNING * * *
Found 10 gold pieces.
As you read the scroll of fear, it crumbles to dust.
You assume a fearsome visage.
The wolf looks frightened! x2
The troll looks frightened!
The hound looks frightened!
The killer bee looks frightened! x3; The electric eel looks frightened! x3
Unknown command.
The troll howls in fear.
A bullfrog comes into view.
The bullfrog gives a loud, deep croak!
Cornered, the electric eel turns to fight!
The electric eel shoots out a bolt of lightning at you!
The bolt of electricity hits you!
You die...

≈.....≈≈≈≈≈≈;...
.≈≈.≈≈.≈≈≈≈≈;....
≈≈≈≈≈≈≈.≈≈≈≈.....
≈≈≈≈≈≈≈≈.≈≈≈.....
≈≈≈≈≈≈≈≈..≈≈.....
≈≈≈≈≈≈..≈........
≈≈≈≈≈............
.................
.........@.......
......F...$......
.................
..#####..........
.. #..........
#..........
#..........
#..........


You could see a bullfrog and an electric eel.

Vanquished Creatures
  The ghost of Rhok the Cleaver, a novice MiFi of Okawaru (D:6)
  A hippogriff (D:7)
  A hungry ghost (D:7)
  A water moccasin (D:7)
  2 ice beasts
  2 orc warriors
  An ogre (D:7)
  A necrophage (D:7)
  A phantom (D:4)
  A bullfrog (D:7)
  A water moccasin zombie (D:8)
  2 scorpions
  A water moccasin skeleton (D:3)
  2 howler monkeys
  2 crimson imps
  4 hounds
  2 orc priests
  2 orc wizards
  A bullfrog zombie (D:5)
  4 iguanas
  4 worker ants
  A hound zombie (D:6)
  9 adders
  2 shadow imps
  3 oozes
  An adder zombie (D:5)
  3 worms
  4 dart slugs
  5 leopard geckos
  15 orcs
  2 ball pythons
  7 bats
  8 giant cockroaches
  15 goblins
  7 hobgoblins
  20 jackals
  5 quokkas
  5 frilled lizards
  A jackal skeleton (D:4)
  A jackal zombie (D:5)
  6 kobolds
  A quokka zombie (D:7)
  6 rats
164 creatures vanquished.

Notes
Turn   | Place    | Note
-------+----------+-------------------------------------------
     0 | D:1      | dvd the Minotaur Wanderer began the quest for the Orb.
     0 | D:1      | dvd set off with: a +2 short sword, a +0 ring mail, a potion of curing, a bread ration
     0 | D:1      | Reached XP level 1. HP: 24/24 MP: 0/0
    80 | D:1      | Reached XP level 2. HP: 29/31 MP: 1/1
   405 | D:1      | Reached XP level 3. HP: 37/38 MP: 2/2
   624 | D:2      | Reached skill level 7 in Fighting
  1183 | D:3      | Reached skill level 1 in Throwing
  1183 | D:3      | Reached XP level 4. HP: 32/47 MP: 3/3
  1614 | D:3      | Reached XP level 5. HP: 52/52 MP: 4/4
  2140 | D:4      | Reached XP level 6. HP: 51/60 MP: 5/5
  2269 | D:4      | Found Siyhad's Food Shoppe.
  2664 | D:4      | Found a burning altar of Makhleb.
  2669 | D:4      | Became a worshipper of Makhleb the Destroyer
  2745 | D:5      | Entered Level 5 of the Dungeon
  2810 | D:5      | Reached XP level 7. HP: 66/67 MP: 6/6
  2898 | D:5      | Reached skill level 5 in Short Blades
  2974 | D:5      | Reached skill level 8 in Fighting
  3254 | D:5      | Found Goc Ut Timm's Assorted Antiques.
  3355 | D:6      | Noticed Rhok's ghost (novice MiFi)
  3612 | D:6      | Reached * piety under Makhleb
  4408 | D:6      | Reached XP level 8. HP: 71/75 MP: 7/7
  4424 | D:6      | Got a faintly glowing chain mail
  4460 | D:5      | Identified the cursed +0 chain mail of Exclusion {*Slow rN++ Dex+2 Stlth-} (You found it on level 6 of the Dungeon)
  4518 | D:5      | Reached skill level 5 in Armour
  4911 | D:6      | Killed Rhok's ghost
  5606 | D:7      | Noticed a hippogriff
  5621 | D:7      | Killed a hippogriff
  5621 | D:7      | Reached XP level 9. HP: 68/82 MP: 8/8
  5653 | D:7      | Gained mutation: You evolve. [potion of mutation]
  5653 | D:7      | Gained mutation: You possess an exceptional clarity of mind. [potion of mutation]
  5653 | D:7      | Gained mutation: You are partially covered in iridescent scales. (AC +2) [potion of mutation]
  5709 | D:7      | Found a staircase to the Ecumenical Temple.
  5776 | D:7      | Reached skill level 9 in Fighting
  6209 | D:7      | Learned a level 2 spell: Blink
  6441 | D:8      | Reached skill level 5 in Throwing
  6483 | D:8      | Noticed a two-headed ogre
  6508 | D:8      | Found a staircase to the Lair.
  6511 | D:8      | Noticed a troll
  6535 | D:8      | HP: 4/83 [electric eel/bolt of electricity (6)]
  6541 | D:8      | Killed from afar by an electric eel

Skill      XL: |  1  2  3  4  5  6  7  8  9 |
---------------+----------------------------+-----
Fighting       | 7 8 9 |  9.1
Short Blades   | 2 3 4 6 7 |  7.9
Throwing       | 1 2 4 5 |  5.0
Armour         | 2 3 4 7 |  7.9
Dodging        | 2 3 |  3.1
Stealth        | |  1.5
Shields        | |  1.2

Action                   |  1- 3 |  4- 6 |  7- 9 || total
-------------------------+-------+-------+-------++-------
Melee: Short sword       |    83 |   168 |   322 ||   573
       Headbutt          |     7 |    23 |    65 ||    95
       Long sword        |       |       |     5 ||     5
Throw: Javelin           |    16 |    10 |    53 ||    79
       Stone             |       |       |    26 ||    26
  Use: Scroll            |       |       |    17 ||    17
       Potion            |       |       |    10 ||    10
  Eat: Chunk             |     1 |     5 |     9 ||    15
       Meat ration       |       |       |     1 ||     1
Armor: Ring mail         |    31 |    12 |     8 ||    51
       Chain mail        |       |    42 |    63 ||   105
       Scale mail        |       |       |     8 ||     8
       Plate armour      |       |       |    36 ||    36
Dodge: Dodged            |    56 |   109 |   175 ||   340
Block: Large shield      |       |       |    11 ||    11
